 Dungeon Crawl Stone Soup version 0.25.1-2-g60ff931df9 (webtiles) character file.

Game seed: 8914107373662865794

60 Turner1 the Chopper (level 4, -1/41 HPs)
             Began as a Hill Orc Monk on Nov 10, 2020.
             Slain by Sigmund
             ... wielding a +0 scythe
              (6 damage)
             ... on level 2 of the Dungeon.
             The game lasted 00:05:21 (1331 turns).

Turner1 the Chopper (Hill Orc Monk)                 Turns: 1331, Time: 00:05:21

Health: -1/41      AC:  6    Str: 14    XL:     4   Next: 4%
Magic:  4/4        EV: 10    Int: 10    God:
Gold:   34         SH:  0    Dex: 13    Spells: 3/3 levels left

rFire    . . .     SeeInvis .   a - +0 hand axe
rCold    . . .     Gourm    .   (no shield)
rNeg     . . .     Faith    .   l - +0 scale mail
rPois    .         Spirit   .   (no helmet)
rElec    .         Reflect  +   (no cloak)
rCorr    +         Harm     .   (no gloves)
MR       .....                  (no boots)
Stlth    ..........             n - amulet of reflection
HPRegen  0.13/turn              i - ring of resist corrosion
MPRegen  0.09/turn              (no ring)

@: confused, brilliant
A: no striking features
a: no special abilities


You were on level 2 of the Dungeon.
You were not hungry.

You visited 1 branch of the dungeon, and saw 2 of its levels.

You collected 34 gold pieces.

Inventory:

Hand Weapons
 a - a +0 hand axe (weapon)
Armour
 l - a +0 scale mail (worn)
Jewellery
 i - a ring of resist corrosion (left hand)
 n - an amulet of reflection (around neck)
Scrolls
 d - a scroll of immolation {unknown}
 e - a scroll of amnesia {unknown}
 f - a scroll of identify {unknown}
 g - 2 scrolls of remove curse {unknown}
 h - a scroll of blinking {unknown}
 m - a scroll of magic mapping {unknown}
Potions
 b - a potion of cancellation {unknown}
 j - a potion of lignification {unknown}
Comestibles
 c - 5 rations


   Skills:
 + Level 4.4 Fighting
 + Level 5.1 Axes
 * Level 1.6 Armour
 - Level 2.4 Dodging
 - Level 1.5 Stealth


You had 3 spell levels left.
You didn't know any spells.
Your spell library was empty.

Dungeon Overview and Level Annotations

Branches:
Dungeon (2/15)

Altars:

Annotations:
D:2 Sigmund


Message History

The magic dart hits you!
* * * LOW HITPOINT WARNING * * *
There is a strange disturbance nearby!
You are confused.
A quokka comes into view.
You're too confused to move!
The quokka closely misses you.
You miss the quokka. The quokka closely misses you.
You bump into the rock wall.
The quokka closely misses you. The quokka bites you.
* * * LOW HITPOINT WARNING * * *
The quokka twitches its whiskers.
Something hits you.
* * * LOW HITPOINT WARNING * * *
It was a potion of brilliance.
You feel clever all of a sudden.
You feel less confused. The quokka barely misses you.
It was a potion of ambrosia.
You are confused.
You feel invigorated. Something hits you.
You die...

... ..# ...# ...
#.#######
#.......# #r# #@#
#.# #. #.# #. #.#
####.###########.#
......##.........#
......##.#########
......##.#
......##.#


You could see a quokka.

Vanquished Creatures
  An adder (D:2)
  An ooze (D:1)
  A worm (D:2)
  A dart slug (D:2)
  3 leopard geckos (D:2)
  A ball python (D:1)
  A giant cockroach (D:2)
  7 goblins
  4 hobgoblins
  A quokka (D:2)
  5 bats
  A frilled lizard (D:1)
  4 kobolds (D:1)
  8 rats
39 creatures vanquished.

Notes
Turn   | Place    | Note
-------+----------+-------------------------------------------
     0 | D:1      | Turner1 the Hill Orc Monk began the quest for the Orb.
     0 | D:1      | Reached XP level 1. HP: 19/19 MP: 1/1
   175 | D:1      | Reached XP level 2. HP: 20/27 MP: 2/2
   337 | D:1      | Reached skill level 1 in Armour
   483 | D:1      | Reached XP level 3. HP: 28/33 MP: 3/3
  1043 | D:2      | Reached skill level 5 in Axes
  1181 | D:2      | Found a faded altar of an unknown god.
  1239 | D:2      | Noticed Sigmund
  1268 | D:2      | Reached XP level 4. HP: 33/41 MP: 4/4
  1329 | D:2      | HP: 1/41 [something (6)]
  1331 | D:2      | Slain by Sigmund

Illustrated notes

Levels and vault maps discovered:
D:1:      matt_arrival_refuge, layout_loops_corners, kennysheep_boxes
D:2:      layout_basic, chequers_ecumenical_altar_grove, uniq_sigmund

Skill      XL: |  1  2  3 |
---------------+----------+-----
Fighting       | 4 |  4.4
Armour         | 1 |  1.6
Axes           | 5 |  5.1
Dodging        | |  2.4
Stealth        | |  1.5

Action                   |  1- 3 |  4- 6 || total
-------------------------+-------+-------++-------
Melee: Hand axe          |   102 |     7 ||   109
  Use: Potion            |       |     2 ||     2
 Stab: Sleeping          |     1 |       ||     1
  Eat: Chunk             |     1 |       ||     1
Armor: Robe              |    13 |       ||    13
       Scale mail        |    10 |     4 ||    14
Dodge: Dodged            |    84 |     5 ||    89
